 Dungeon Crawl Stone Soup version 0.30.0-19-g36f170ea60 (webtiles) character file.

Game seed: 6415083861296460740

7694 bmack86 the Cleaver (level 11, -8/102 HPs)
             Began as a Minotaur Fighter on May 31, 2023.
             Was an Initiate of Gozag.
             Mangled by Snorg (14 damage)
             ... on level 10 of the Dungeon.
             The game lasted 00:21:08 (8400 turns).

bmack86 the Cleaver (Minotaur Fighter)              Turns: 8400, Time: 00:21:09

Health: -8/102     AC: 17    Str: 31    XL:     11   Next: 0%
Magic:  10/10      EV:  7    Int:  5    God:    Gozag
Gold:   632        SH:  4    Dex: 10    Spells: 10/10 levels left

rFire   . . .        B - +11 war axe of Yredelemnul's Whim {pain, *Rage Str+6}
rCold   . . .        c - +0 buckler
rNeg    . . .        s - +0 plate armour
rPois   .            (helmet restricted)
rElec   .            (no cloak)
rCorr   .            (no gloves)
SInv    .            o - +2 pair of boots
Will    .....        (no amulet) Stlth
                     (no ring)
HPRegen 0.37/turn    (no ring)
MPRegen 0.12/turn

%: random rage (20%)
@: gold aura, on berserk cooldown, slowed, very slow
A: horns 2, retaliatory headbutt
a: Renounce Religion, Potion Petition, Call Merchant, Bribe Branch


You were on level 10 of the Dungeon.
You worshipped Gozag.
Gozag was pleased with you.
You visited 2 branches of the dungeon, and saw 11 of its levels.

You collected 1676 gold pieces.
You spent 974 gold pieces at shops.
You paid 70 gold pieces to Gozag.

Inventory:

Hand Weapons
 a - a +1 war axe of freezing
 B - the +11 war axe of Yredelemnul's Whim (weapon) {pain, *Rage Str+6}
   (You bought it in a shop on level 5 of the Dungeon)

   Str:       It affects your strength (+6).
   *Rage:     It berserks you when you make melee attacks (+20% chance).
Missiles
 q - a throwing net
 t - 5 boomerangs (quivered)
Armour
 c - a +0 buckler (worn)
 i - a +0 chain mail
 o - a +2 pair of boots (worn)
 s - a +0 plate armour (worn)
Jewellery
 b - a ring of protection from cold
Wands
 x - a wand of quicksilver (11)
 C - a wand of iceblast (4)
Scrolls
 e - 8 scrolls of teleportation
 k - a scroll of fog
 l - a scroll of enchant weapon
 n - a scroll of fear
 w - 3 scrolls of amnesia
 y - a scroll of enchant armour
 z - a scroll of blinking
 A - a scroll of identify
Potions
 d - a potion of might
 f - 4 potions of attraction
 g - a potion of haste
 h - a potion of curing
 j - 3 potions of mutation
 m - 2 potions of brilliance
 p - a potion of ambrosia
 u - a potion of magic {unknown}
 v - a potion of resistance {unknown}
 D - a potion of flight {unknown}


   Skills:
 * Level 11.0 Fighting
 - Level 14.0 Axes
 + Level 8.2 Armour
 - Level 3.6 Shields
 + Level 4.5 Necromancy


You had 10 spell levels left.
You didn't know any spells.
Your spell library contained the following spells:

 Spells                   Type           Power      Damage    Failure   Level
 Scorch                   Fire           0%         2d5       100%        2
 Portal Projectile        Hex/Tloc       0%         N/A       100%        3
 Tukima's Dance           Hex            0%         N/A       100%        3
 Flame Wave               Conj/Fire      0%         2d4       100%        4
 Blade Hands              Tmut           0%         N/A       100%        5
 Summon Forest            Summ/Tloc      0%         N/A       100%        5
 Eringya's Noxious Bog    Tmut/Pois      0%         N/A       100%        6
 Summon Cactus Giant      Summ           0%         N/A       100%        6
 Summon Hydra             Summ           0%         N/A       100%        7


Dungeon Overview and Level Annotations

Branches:
Dungeon (10/15)            Temple (1/1) D:6            Lair (0/5) D:8
    Orc (0/2) D:9

Altars:
Ashenzari
Cheibriados
Elyvilon
Gozag
Okawaru
Ru
Sif Muna
Uskayaw
Wu Jian
The Shining One

Shops:
D:2 :   D:4 *[?   D:5 (

Annotations:
D:10 Snorg


Innate Abilities, Weirdness & Mutations

You have a pair of horns on your head.
You reflexively headbutt those who attack you in melee.


Message History

You hear a shout!
The yak bellows!
Your life force feels restored.
You slice Snorg!!
Snorg writhes in agony.
You headbutt Snorg!
Snorg is moderately wounded.
You slash something!
Reactivating autopickup.
You feel a bit more experienced.
You slash the yak!
The yak writhes in agony.
The yak is no longer distracted by gold.
You feel very sick. Snorg barely misses you.
Snorg claws you but does no damage. You block Snorg's attack.
The yak gores you but does no damage.
Snorg is distracted by your dazzling golden aura.
You have reached level 11!
You feel better. The yak gores you!
* * * LOW HITPOINT WARNING * * *
The yak barely misses you.
Snorg shouts!
You feel much better. The yak gores you. You block the yak's attack.
The yak closely misses you. You furiously retaliate!
You headbutt the yak, but do no damage. The yak barely misses you.
You slash Snorg!
Snorg writhes in agony.
Snorg is no longer distracted by gold.
Snorg is heavily wounded.
You slash the yak!
The yak writhes in agony.
You slash the yak!
The yak writhes in agony.
Snorg bites you but does no damage. Snorg claws you! x2
* * * LOW HITPOINT WARNING * * *
The yak gores you but does no damage.
The yak is distracted by your dazzling golden aura.
Snorg bites you!
* * * LOW HITPOINT WARNING * * *
Snorg claws you but does no damage. x2
The yak bellows!
You closely miss Snorg. Your headbutt misses Snorg.
Snorg is heavily wounded.
You slash the yak!
The yak writhes in agony.
You hit the yak.
The yak is no longer distracted by gold.
Snorg bites you!
* * * LOW HITPOINT WARNING * * *
Snorg claws you!
You die...
Your body crumbles into a pile of gold.

#....##### .##
#....#...## ...
#....#..... ....
#........
!..#####......
...........#
##........# .#
#.#.#..T...<..#...##
.......Y@..)........
.......Y$.....>.....
....../.....#....##.
#.##....#..##....# #
#....#..# #.....
......#..# .#....
.......#..# .##...
..........# .# .#.


You could see Snorg (berserk) and 2 yaks.

Vanquished Creatures
  A two-headed ogre (D:7)
  Pikel (D:8)
  A gargoyle (D:10)
  The ghost of Kazon the Cudgeller, an amateur OgGl of Okawaru (D:4)
  A troll (D:10)
  2 shadows (D:9)
  A yak (D:10)
  A wraith (D:7)
  2 wyverns
  A steam dragon (D:9)
  2 vampire mosquitoes (D:9)
  4 water moccasins
  3 ice beasts
  5 orc warriors
  6 black bears
  2 ogres (D:5)
  2 centaurs
  2 wolves
  2 lemures (D:8)
  3 phantoms
  2 bullfrogs
  2 kobold brigands (D:7)
  7 scorpions
  A killer bee (D:4)
  A troll zombie (D:9)
  A howler monkey (D:6)
  3 gnoll boudas
  4 hounds
  5 jellies
  4 iguanas
  7 orc priests
  13 orc wizards
  5 ogre zombies (D:9)
  17 gnolls
  5 adders
  A shadow imp (D:6)
  2 white imps
  An ufetubus (D:5)
  3 worms
  2 dart slugs
  42 orcs
  5 ball pythons
  2 endoplasms
  3 giant cockroaches
  3 goblins
  3 hobgoblins
  8 jackals
  16 kobolds
  5 quokkas
  A bat (D:1)
  4 frilled lizards
  A goblin skeleton (D:9)
  3 goblin zombies (D:9)
  An orc skeleton (D:9)
  14 orc zombies (D:9)
  4 rats
244 creatures vanquished.

Notes
Turn   | Place    | Note
-------+----------+-------------------------------------------
     0 | D:1      | bmack86 the Minotaur Fighter began the quest for the Orb.
     0 | D:1      | Reached XP level 1. HP: 19/19 MP: 0/0
   110 | D:1      | You fall into a shaft and drop 1 floor!
   235 | D:1      | Reached skill level 3 in Axes
   306 | D:1      | Reached XP level 2. HP: 26/26 MP: 1/1
   781 | D:2      | Found Bedghuats's Book Shop.
   791 | D:2      | Reached skill level 4 in Axes
   935 | D:2      | Reached XP level 3. HP: 31/31 MP: 2/2
  1598 | D:3      | Reached skill level 5 in Axes
  1789 | D:3      | Reached XP level 4. HP: 39/39 MP: 3/3
  2360 | D:4      | Noticed a phantom
  2379 | D:4      | Killed a phantom
  2380 | D:4      | Reached skill level 6 in Axes
  2380 | D:4      | Reached XP level 5. HP: 25/45 MP: 4/4
  2519 | D:4      | Found Sudug's Magic Scroll Boutique.
  2551 | D:4      | Found Getai's Antique Armour Shop.
  2575 | D:4      | Found Heups's General Store.
  2627 | D:4      | Found a runed translucent gate.
  2628 | D:4      | Found a runed translucent gate.
  2628 | D:4      | Found a runed translucent gate.
  2628 | D:4      | Found an opulent altar of Gozag.
  2634 | D:4      | Reached skill level 7 in Axes
  2635 | D:4      | HP: 2/45 [worm (6)]
  2805 | D:4      | Noticed Kazon's ghost (amateur OgGl)
  3065 | D:4      | Found a white marble altar of Elyvilon.
  3144 | D:4      | Reached XP level 6. HP: 50/51 MP: 5/5
  3338 | D:4      | Reached skill level 8 in Axes
  3343 | D:4      | Killed Kazon's ghost
  3344 | D:4      | Reached skill level 9 in Axes
  3344 | D:4      | Reached XP level 7. HP: 44/57 MP: 6/6
  3364 | D:4      | Became a worshipper of Gozag Ym Sagoz the Greedy
  3453 | D:5      | Entered Level 5 of the Dungeon
  3573 | D:4      | Reached skill level 10 in Axes
  3916 | D:5      | Found Qifroac's Weapon Shop.
  3916 | D:5      | Noticed a +0 giant spiked club
  3919 | D:5      | Noticed a +0 bardiche
  4075 | D:5      | Reached skill level 11 in Axes
  4126 | D:5      | Reached XP level 8. HP: 37/64 MP: 7/7
  4246 | D:5      | Reached skill level 12 in Axes
  4612 | D:5      | Reached skill level 13 in Axes
  5107 | D:6      | Found a staircase to the Ecumenical Temple.
  5122 | Temple   | Entered the Ecumenical Temple
  5150 | D:6      | Reached skill level 14 in Axes
  5150 | D:6      | Reached XP level 9. HP: 70/70 MP: 8/8
  5183 | D:6      | Found a shimmering blue altar of Sif Muna.
  5245 | D:6      | Found an ornate altar of the Wu Jian Council.
  5390 | D:7      | Found an opulent altar of Gozag.
  5434 | D:7      | Reached skill level 1 in Necromancy
  5545 | D:7      | Found a glowing golden altar of the Shining One.
  5545 | D:7      | Noticed a two-headed ogre
  5554 | D:7      | Killed a two-headed ogre
  5555 | D:7      | Reached skill level 5 in Armour
  5737 | D:7      | Found a sacrificial altar of Ru.
  6449 | D:7      | Reached XP level 10. HP: 61/88 MP: 9/9
  6656 | D:8      | Found a staircase to the Lair.
  6770 | D:8      | Noticed Pikel
  6791 | D:8      | Killed Pikel
  6870 | D:8      | Found a hide-covered altar of Uskayaw.
  7339 | D:5      | Bought the +11 war axe of Yredelemnul's Whim {pain, *Rage
                  | Str+6} for 974 gold pieces
  7607 | D:9      | Found a staircase to the Orcish Mines.
  7618 | D:9      | Reached skill level 10 in Fighting
  8371 | D:10     | Entered Level 10 of the Dungeon
  8371 | D:10     | Noticed a gargoyle
  8376 | D:10     | Killed a gargoyle
  8386 | D:10     | Noticed Snorg
  8397 | D:10     | Reached XP level 11. HP: 20/102 MP: 10/10
  8400 | D:10     | Mangled by Snorg

Illustrated notes

Levels and vault maps discovered:
D:1:      lightli_arrival_flooded_house, layout_basic, st_stairs_11,
          hangedman_decor_points, minmay_misc_feat_x, minmay_liquid_box,
          chequers_serial_rivers_micro_a, chequers_jeans, minmay_pentomino_u2
D:2:      layout_loops_cross, serial_shops, shop
D:3:      layout_basic
D:4:      layout_loops_corners, elyvilon_altar_3, ebering_ghost_gozag,
          serial_shops, shop, shop_fountains, nicolae_shop_real_fake_doors,
          corexii_corridor_pit, corexii_shack
D:5:      layout_gridville, serial_shops, nicolae_shop_mannequins,
          kennysheep_minor_cross, kennysheep_generic_room_8
D:6:      layout_gridville, nicolae_sif_muna_little_library,
          mainiacjoe_overflow_tiny_flanked, minmay_temple_entry_trees,
          st_stairs_5
D:7:      layout_basic, old_standard_altar, mainiacjoe_overflow_two_lobes
D:8:      layout_rooms, mainiacjoe_overflow_alcove_1, minmay_lair_entry_grove,
          grunt_ministairs_9, uniq_pikel
D:9:      layout_roguey, zombieorc1_lemuel
D:10:     layout_basic, hellmonk_scale_shop, uniq_snorg
Temple:   nicolae_temple_bog_church

Skill      XL: |  1  2  3  4  5  6  7  8  9 10 |
---------------+-------------------------------+-----
Axes           | 3 4 5 6 7 9 11 14 | 14.0
Fighting       | 8 11 | 11.0
Armour         | 6 8 |  8.2
Necromancy     | 2 4 |  4.5
Shields        | |  3.6

Action                     |  1- 3 |  4- 6 |  7- 9 | 10-12 || total
---------------------------+-------+-------+-------+-------++-------
  Melee: War axe           |    90 |    78 |   236 |   162 ||   566
         Headbutt          |     9 |    13 |    39 |    19 ||    80
  Throw: Boomerang         |       |       |     2 |       ||     2
    Use: Scroll            |     5 |     1 |    10 |     2 ||    18
         Potion            |       |     4 |     1 |     2 ||     7
   Stab: Distracted        |       |       |       |     1 ||     1
 Armour: Scale mail        |    38 |    33 |    38 |       ||   109
         Plate armour      |       |       |   113 |    88 ||   201
         Chain mail        |       |       |    11 |       ||    11
  Dodge: Dodged            |    45 |    34 |    81 |    59 ||   219
  Block: Buckler           |    15 |    11 |    49 |    32 ||   107
